 Dungeon Crawl Stone Soup version 0.28.0 (webtiles) character file.

Game seed: 5858047310581561599

116 zeram the Cutter (level 4, -1/27 HPs)
             Began as a Deep Elf Fighter on Feb 4, 2022.
             Was an Initiate of Yredelemnul.
             Slain by Blork the orc (7 damage)
             ... on level 4 of the Dungeon.
             The game lasted 00:02:38 (3747 turns).

zeram the Cutter (Deep Elf Fighter)                 Turns: 3747, Time: 00:02:38

Health: -1/27      AC: 10    Str: 13    XL:     4   Next: 69%
Magic:  6/6        EV:  8    Int: 15    God:    Yredelemnul [......]
Gold:   146        SH:  5    Dex: 14    Spells: 3/3 levels left

rFire   . . .      SeeInvis .   e - +2 dagger (elec)
rCold   . . .      Faith    .   c - +0 buckler
rNeg    . . .      Spirit   .   b - +0 scale mail
rPois   .          Reflect  .   (no helmet)
rElec   .          Harm     .   (no cloak)
rCorr   .          Rampage  .   (no gloves)
Will    +....                   (no boots)
Stlth   ..........              (no amulet)
HPRegen 0.09/turn               g - ring of willpower
MPRegen 0.10/turn               l - +4 ring of protection

@: no status effects
A: no striking features
a: Renounce Religion, Recall Undead Harvest


You were on level 4 of the Dungeon.
You worshipped Yredelemnul.
Yredelemnul was noncommittal.
You visited 1 branch of the dungeon, and saw 4 of its levels.

You collected 146 gold pieces.

Inventory:

Hand Weapons
 a - a +0 rapier
 e - a +2 dagger of electrocution (weapon)
Missiles
 h - 6 poisoned darts (quivered)
Armour
 b - a +0 scale mail (worn)
 c - a +0 buckler (worn)
Jewellery
 g - a ring of willpower (left hand)
 l - a +4 ring of protection (right hand)
Wands
 o - a wand of flame (25)
Scrolls
 j - 5 scrolls of identify {unknown}
 k - 2 scrolls of torment {unknown}
 p - a scroll of blinking {unknown}
Potions
 d - 2 potions of might
 f - 4 potions of heal wounds {unknown}
 i - a potion of mutation {unknown}
 m - a potion of ambrosia {unknown}
 n - a potion of curing {unknown}


   Skills:
 - Level 2.4 Fighting
 + Level 3.5 Short Blades
 - Level 2.6 Armour
 + Level 1.1 Dodging
 + Level 3.4 Shields


You had 3 spell levels left.
You didn't know any spells.
Your spell library was empty.

Dungeon Overview and Level Annotations

Branches:
Dungeon (4/15)
 Temple: D:4-7

Altars:
Yredelemnul

Annotations:
D:4 Blork the orc


Message History

The puff of frost hits your hobgoblin zombie.
Your hobgoblin zombie resists.
You hit Blork the orc.
Blork the orc is moderately wounded.
You hit Blork the orc.
Blork the orc is moderately wounded.
Blork the orc hits you with a +0 dire flail.
Blork the orc barely misses you.
You hit Blork the orc but do no damage.
Blork the orc is moderately wounded.
You block Blork the orc's attack.
Your hobgoblin zombie hits Blork the orc.
You hit Blork the orc.
Blork the orc is heavily wounded.
Blork the orc mumbles some strange words.
Blork the orc seems to speed up.
You hit Blork the orc but do no damage.
Blork the orc is heavily wounded.
Blork the orc barely misses you.
Your hobgoblin zombie closely misses Blork the orc.
You hit Blork the orc.
Blork the orc is heavily wounded.
Blork the orc points at you and mumbles some strange words.
The puff of flame hits you but does no damage.
Your hobgoblin zombie barely misses Blork the orc.
You completely miss Blork the orc.
Blork the orc is heavily wounded.
Blork the orc hits you but does no damage.
Blork the orc hits you with a +0 dire flail!
Your hobgoblin zombie hits Blork the orc but does no damage.
You hit Blork the orc.
Lightning courses through Blork the orc!
Blork the orc is almost dead.
Blork the orc hits you with a +0 dire flail.
* * * LOW HITPOINT WARNING * * *
You barely miss Blork the orc.
Blork the orc is almost dead.
Blork the orc hits you with a +0 dire flail!
You die...
Your body rises from the dead as a mindless zombie.

###...##.###.#.
##........# .#.# .
#..............
...####..........>.. .
. ..........[..#...#.
#.
..####......##.#......
..........##.#...#..#
..##.......##.#.##..#
...........##.#.@.>.#
####...........Zo...#
##.....###.#######
##...## #!# ##### #.#
#.. ###


You could see Blork the orc (fast, ally target) and a friendly hobgoblin zombie.

Vanquished Creatures
  5 adders
  2 dart slugs
  An orc (D:3)
  5 endoplasms
  3 giant cockroaches
  8 goblins
  4 hobgoblins
  5 jackals
  5 kobolds
  2 quokkas (D:3)
  6 ball pythons
  8 bats
  2 frilled lizards (D:3)
  3 rats
  A spectral orc (D:3)
60 creatures vanquished.

Notes
Turn   | Place    | Note
-------+----------+-------------------------------------------
     0 | D:1      | zeram the Deep Elf Fighter began the quest for the Orb.
     0 | D:1      | Reached XP level 1. HP: 13/13 MP: 3/3
    40 | D:1      | Reached XP level 2. HP: 9/18 MP: 4/4
  1065 | D:1      | Reached XP level 3. HP: 20/22 MP: 5/5
  2564 | D:3      | Reached XP level 4. HP: 27/27 MP: 6/6
  3438 | D:3      | Found a faded altar of an unknown god.
  3544 | D:3      | Reached skill level 1 in Dodging
  3665 | D:3      | Found a basalt altar of Yredelemnul.
  3676 | D:3      | Became a worshipper of Yredelemnul the Dark
  3733 | D:4      | Noticed Blork the orc
  3747 | D:4      | Slain by Blork the orc

Illustrated notes

Levels and vault maps discovered:
D:1:      onia_arrival_mini_maze_b, layout_basic
D:2:      layout_loops_ring
D:3:      layout_loops_cross, yredelemnul_forgotten_temple_becter,
          hellmonk_ecumenical_altar_leap_of_faith, st_stairs_1
D:4:      layout_loops_ring, mainiacjoe_overflow_brackets,
          nicolae_figureground_sparkle, uniq_blork_the_orc

Skill      XL: |  1  2  3  4 |
---------------+-------------+-----
Shields        | 3 |  3.4
Short Blades   | 3 |  3.5
Dodging        | 1 |  1.1
Fighting       | |  2.4
Armour         | |  2.6

Action                   |  1- 3 |  4- 6 || total
-------------------------+-------+-------++-------
Melee: Dagger            |   132 |    88 ||   220
       Rapier            |     5 |       ||     5
Armor: Scale mail        |    65 |    38 ||   103
Dodge: Dodged            |    63 |    25 ||    88
Block: Buckler           |    23 |    19 ||    42
